 Dungeon Crawl Stone Soup version 0.22.1-1-ga44c0e56f4 (webtiles) character file.

394 Ivernyr the Magician (level 6, 0/32 HPs)
             Began as a Deep Elf Wizard on Oct 31, 2018.
             Slain by a scorpion (6 damage)
             ... on level 4 of the Dungeon.
             The game lasted 00:31:26 (3540 turns).

Ivernyr the Magician (Deep Elf Wizard)              Turns: 3540, Time: 00:31:27

Health: 0/32       AC:  4    Str:  4    XL:     6   Next: 51%
Magic:  2/18       EV: 14    Int: 25    God:
Gold:   142        SH:  0    Dex: 13    Spells: 11/20 levels left

rFire    . . .     SeeInvis .   g - +2 whip (holy)
rCold    + . .     Gourm    .   (no shield)
rNeg     . . .     Faith    .   a - +0 robe
rPois    .         Spirit   .   o - +0 helmet
rElec    .         Reflect  .   (no cloak)
rCorr    .         Harm     .   s - +0 pair of gloves
MR       .....                  (no boots)
Stlth    ++........             (no amulet)
HPRegen  0.10/turn              q - ring of protection from cold
MPRegen  0.16/turn              (no ring)

@: no status effects
A: no striking features
a: no special abilities


You were on level 4 of the Dungeon.
You were not hungry.

You visited 1 branch of the dungeon, and saw 4 of its levels.

You collected 142 gold pieces.

Inventory:

Hand Weapons
 g - a +2 whip of holy wrath (weapon)
Armour
 a - a +0 robe (worn)
 b - a +0 hat
 o - a +0 helmet (worn)
 s - a +0 pair of gloves (worn)
Jewellery
 q - a ring of protection from cold (left hand)
Wands
 t - a wand of random effects (32)
Scrolls
 e - a scroll of teleportation {unknown}
 f - 2 scrolls of identify {unknown}
 h - a scroll of enchant armour {unknown}
 i - a scroll of fear {unknown}
 l - 2 scrolls of remove curse {unknown}
 n - a scroll of fog {unknown}
 p - 2 scrolls of enchant weapon {unknown}
Potions
 c - a potion of ambrosia {unknown}
 j - 4 potions of curing {unknown}
 k - 2 potions of resistance {unknown}
 m - a potion of brilliance {unknown}
 r - a potion of flight {unknown}
 u - a potion of degeneration {unknown}
 w - 2 potions of lignification {unknown}
 x - a potion of agility {unknown}
Comestibles
 d - 8 rations
 v - 2 chunks of flesh


   Skills:
 + Level 4.6 Dodging
 - Level 2.4 Stealth
 * Level 7.7 Spellcasting
 + Level 3.6 Conjurations
   Level 1.1 Summonings
 - Level 1.1 Translocations


You had 11 spell levels left.
You knew the following spells:

 Your Spells              Type           Power        Failure   Level  Hunger
a - Magic Dart            Conj           ####         1%          1    None
b - Blink                 Tloc           N/A          6%          2    None
c - Conjure Flame         Conj/Fire      ###.....     9%          3    None
d - Mephitic Cloud        Conj/Pois/Air  ###.....     12%         3    None

Your spell library contained the following spells:

 Spells                   Type           Power        Failure   Level  Hunger
 Call Imp                 Summ           ###.....     6%          2    None
 Slow                     Hex            #.......     10%         2    None


Dungeon Overview and Level Annotations

Branches:
Dungeon (4/15)
 Temple: D:4-7

Altars:
Fedhas
Hepliaklqana
Nemelex Xobeh

Annotations:
D:3 2 transporters, BroonCoo's ghost, amateur HuWn


Message History

You completely miss the howler monkey.
The howler monkey is severely wounded.
The howler monkey barely misses you.
You barely miss the howler monkey.
The howler monkey is severely wounded.
The howler monkey hits you but does no damage.
The howler monkey misses you.
You closely miss the howler monkey.
The howler monkey is severely wounded.
The howler monkey barely misses you.
You barely miss the howler monkey.
The howler monkey is severely wounded.
The howler monkey misses you. The scorpion misses you.
The howler monkey hits you.
* * * LOW HITPOINT WARNING * * *
Unknown command.
You barely miss the howler monkey.
The howler monkey is severely wounded.
The scorpion stings you.
You die...

............#
............#
..O.....†.†.#
....O.##..###
....%. ##.#
...... #.##
.l.... #.S#
... ##h##
#@># ##s# .#
.# (. ##


You could see a scorpion, a howler monkey and an adder.

Vanquished Creatures
  Sigmund (D:3)
  An orc wizard (D:3)
  Jessica (D:2)
  Terence (D:2)
  3 worker ants (D:4)
  3 adders (D:3)
  An ooze (D:3)
  An adder skeleton (D:3)
  A worm (D:2)
  2 dart slugs
  A leopard gecko (D:4)
  6 orcs
  9 bats
  7 giant cockroaches
  6 goblins
  7 hobgoblins
  4 jackals (D:2)
  10 kobolds
  A quokka (D:4)
  A ball python (D:4)
  3 frilled lizards
  12 rats
82 creatures vanquished.

Notes
Turn   | Place    | Note
-------+----------+-------------------------------------------
     0 | D:1      | Ivernyr the Deep Elf Wizard began the quest for the Orb.
     0 | D:1      | Reached XP level 1. HP: 10/10 MP: 7/7
   188 | D:1      | Reached XP level 2. HP: 15/15 MP: 7/9
   369 | D:1      | Reached skill level 5 in Spellcasting
   794 | D:1      | Reached XP level 3. HP: 19/19 MP: 7/11
   798 | D:1      | Learned a level 2 spell: Blink
   802 | D:1      | Learned a level 3 spell: Conjure Flame
   806 | D:1      | Learned a level 3 spell: Mephitic Cloud
  1470 | D:2      | Noticed Jessica
  1478 | D:2      | Killed Jessica
  1478 | D:2      | Reached XP level 4. HP: 24/24 MP: 7/13
  1503 | D:2      | Noticed Terence
  1535 | D:2      | Killed Terence
  1535 | D:2      | Reached skill level 6 in Spellcasting
  1917 | D:2      | Found a blossoming altar of Fedhas.
  2423 | D:3      | Reached XP level 5. HP: 28/28 MP: 11/15
  2527 | D:3      | Found a transporter.
  2528 | D:3      | Noticed BroonCoo's ghost (amateur HuWn)
  2540 | D:3      | Found a transporter.
  2670 | D:3      | Noticed Sigmund
  2678 | D:3      | Killed Sigmund
  2678 | D:3      | Reached skill level 7 in Spellcasting
  2678 | D:3      | Reached XP level 6. HP: 32/32 MP: 7/18
  3142 | D:4      | Found a sparkling altar of Nemelex Xobeh.
  3186 | D:4      | Found a hazy altar of Hepliaklqana.
  3540 | D:4      | Slain by a scorpion

Skill      XL: |  1  2  3  4  5 |
---------------+----------------+-----
Spellcasting   | 5 6 7 |  7.7
Dodging        | 3 4 |  4.6
Conjurations   | 2 3 |  3.6
Stealth        | |  2.4
Summonings     | |  1.1
Translocations | |  1.1

Action                   |  1- 3 |  4- 6 || total
-------------------------+-------+-------++-------
Melee: Whip              |    20 |    38 ||    58
 Cast: Magic Dart        |   102 |    87 ||   189
       Mephitic Cloud    |       |     8 ||     8
       Blink             |       |     3 ||     3
       Conjure Flame     |       |     2 ||     2
 Stab: Confused          |       |     2 ||     2
  Eat: Chunk             |     1 |     7 ||     8
Armor: Robe              |     3 |     6 ||     9
Dodge: Dodged            |    32 |    28 ||    60
